[Event "53rd Women Tournament 2022"]
[Site "Belgrade"]
[Date "2022.04.02"]
[Round "6.3"]
[White "Toncheva, Nadya"]
[Black "Benderac, Ana"]
[Result "1-0"]
[ECO "D48"]
[WhiteElo "2207"]
[BlackElo "2180"]
[Annotator "TA"]
[PlyCount "115"]
[EventDate "2022.03.28"]
[EventType "tourn"]
[EventCountry "SRB"]
[SourceTitle "playchess.com"]
[Source "ChessBase"]
[SourceQuality "1"]
[TimeControl "40/5400+30:1800+30"]

1. d4 d5 2. c4 e6 3. Nc3 dxc4 4. e3 Nf6 5. Bxc4 c5 6. Nf3 a6 7. O-O b5 8. Bd3 Bb7 9. Qe2 Nbd7 10. Rd1 Qb6 {[%emt 0:00:30] 10...Qb8 is the modern continuation.} 11. b3 {[%emt 0:00:00] D48: Semi-Slav: Meran System: 7...b5 8 Bd3 a6.} cxd4 12. exd4 Rc8 13. Bb2 {[%emt 0:00:00][%cal Od4d5] Black has an edge.} Nd5 (13... Bb4 $142 14. Rac1 O-O) 14. Nxd5 $11 Bxd5 {[%emt 0:02:00] [#]} 15. Rac1 $146 ({Predecessor:} 15. Ne5 Qb7 16. f4 Be7 17. Rf1 Nf6 18. f5 O-O 19. fxe6 Bxe6 20. Rf3 {1-0 (37) Limp,E (2440)-Pinto,S (2154) Rio de Janeiro 2006}) 15... Rb8 16. Bb1 Be7 17. Ne5 Qb7 18. Rc3 (18. Qg4 $5 Nxe5 19. Qxg7 (19. dxe5 O-O $11) 19... Nf3+ 20. gxf3 $11) 18... Nxe5 (18... Bxg2 $2 19. f3 Nxe5 20. Qxe5 Bxf3 21. Rxf3 $1 Qxf3 22. Qxb8+ Bd8 23. Rd3 $18) 19. dxe5 Rc8 20. Qg4 {[%emt 0:00:00] Strongly threatening Rxc8+.} O-O 21. Rh3 (21. Rg3 $1 $14 g6 22. h4) 21... g6 22. Qf4 $2 (22. Rg3 $11) 22... Bxg2 $19 23. Rg3 Rfd8 24. Re1 (24. Rd6 $17) 24... Bd5 (24... Bc6 $19 25. Rc3 b4) 25. h4 $17 Bf8 26. h5 Bg7 (26... Qe7 $142 27. Bc3 Rd7) 27. Kh2 (27. Bc3 $142) 27... Qe7 28. Reg1 a5 29. Rg4 ({White should try} 29. Rh3) 29... a4 30. Qg3 {[%emt 0:00:30][%cal Rh5g6] [#]} axb3 (30... b4 $1 $19 31. bxa4 Rc4 32. Rxc4 Bxc4) 31. axb3 Rd7 (31... b4 $17 {next ...Rd7 is good for Black.} 32. Qh3 Rd7) 32. Bc1 (32. Bc3 $1 $11 {was the only way to keep the balance.}) 32... Rxc1 33. Rxc1 $11 Rc7 34. Rd1 b4 35. hxg6 hxg6 {[%emt 0:00:00] White must now prevent ...Rc3.} 36. Be4 Rc3 37. Rd3 Qc7 38. Bxd5 exd5 39. f4 d4 {[%emt 0:00:06] aiming for ...Qc8.} 40. e6 fxe6 41. Qf3 Kf7 42. Qe4 g5 43. Rd2 {[%emt 0:00:00] Dancing on a razor blade.} ({But not} 43. Rxc3 $2 bxc3 44. Rxg5 c2 $19) 43... gxf4 (43... Qc6 $11 44. Qh7 (44. Qxc6 Rxc6 45. Rxg5 Bh6 $11) 44... Qf3) 44. Ra2 {[%emt 0:00:00] White mates.} f3+ 45. Kh3 f2+ 46. Kg2 Rg3+ 47. Rxg3 ({Not} 47. Kxf2 Rxg4 48. Qxg4 Qh2+ 49. Qg2 Qxg2+ 50. Kxg2 Kg6 $11) 47... f1=Q+ 48. Kxf1 Qxg3 {[%emt 0:00:04] [#] KQR-KQB} 49. Ra7+ $1 {[%emt 0:00:00][%mdl 64] Deflection} Kg8 50. Qxe6+ Kh7 51. Qf5+ Qg6 52. Qxg6+ Kxg6 {[%emt 0:01:30] KR-KB} 53. Ke2 Bf8 54. Kd3 Kf6 55. Kxd4 Ke6 56. Ra6+ Kd7 57. Kd5 Kc7 58. Rf6 {[%emt 0:00:00] White used his chance.  Weighted Error Value: White=0.21 (precise) /Black=0.35} 1-0

[Event "53rd Women Tournament 2022"]
[Site "Belgrade"]
[Date "2022.04.02"]
[Round "6.4"]
[White "Grozdanovic, Anastasia"]
[Black "Navrotescu, Andreea"]
[Result "0-1"]
[ECO "E11"]
[WhiteElo "2005"]
[BlackElo "2229"]
[Annotator "ChessBase"]
[PlyCount "130"]
[EventDate "2022.03.28"]
[EventType "tourn"]
[EventCountry "SRB"]
[SourceTitle "playchess.com"]
[Source "ChessBase"]
[SourceQuality "1"]
[TimeControl "40/5400+30:1800+30"]

1. d4 e6 2. Nf3 Nf6 3. c4 Bb4+ 4. Bd2 a5 5. a3 Bxd2+ 6. Qxd2 d6 7. Nc3 Nc6 8. e4 O-O 9. Bd3 e5 10. d5 Nb8 11. h3 Nbd7 12. O-O a4 13. Bc2 Nc5 14. Qe3 b6 15. Nd2 Nh5 16. Ne2 Ba6 17. g4 Nf6 18. f4 exf4 19. Rxf4 Nfd7 20. Nd4 Ne5 21. Qc3 Bc8 22. Nf5 Bd7 23. Raf1 f6 24. Qg3 Bxf5 25. exf5 Qe7 26. h4 Kh8 27. Ne4 Nxe4 28. Rxe4 Qd7 29. Bd3 Ra5 30. Be2 Rc5 31. Rd1 Re8 32. Qf4 Qf7 33. Rd2 Rc8 34. Bd1 b5 35. cxb5 Rxd5 36. Red4 Rxb5 37. Bxa4 Rc5 38. Bd1 Rc1 39. Kg2 Qd7 40. Bb3 Qb5 41. Rb4 Qa6 42. Be6 Rd8 43. g5 Rb1 44. gxf6 gxf6 45. Rbd4 Qc6+ 46. Qe4 Qc1 47. Kh3 Rxb2 48. Rxb2 Qxb2 49. Ra4 d5 50. Qe3 d4 51. Qg3 Qc3 52. Qxc3 dxc3 53. Bb3 Rd3+ 54. Kg2 c2 55. Ra8+ Kg7 56. Bxc2 Rd2+ 57. Kg3 Rxc2 58. a4 Ra2 59. Ra7 Nf7 60. Rxc7 Rxa4 61. h5 Rd4 62. Ra7 Kf8 63. Ra8+ Ke7 64. Rg8 Ng5 65. Rg7+ Kd6 0-1

[Event "53rd Women Tournament 2022"]
[Site "Belgrade"]
[Date "2022.04.02"]
[Round "6.5"]
[White "Lu, Miaoyi"]
[Black "Manakova, Maria"]
[Result "0-1"]
[ECO "B51"]
[WhiteElo "2182"]
[BlackElo "2257"]
[Annotator "NA"]
[PlyCount "100"]
[EventDate "2022.03.28"]
[EventType "tourn"]
[EventCountry "SRB"]
[SourceTitle "playchess.com"]
[Source "ChessBase"]
[SourceQuality "1"]
[TimeControl "40/5400+30:1800+30"]

1. e4 c5 2. Nf3 Nc6 3. Bb5 d6 4. O-O e5 5. c3 a6 6. Bxc6+ bxc6 7. d4 Qc7 8. dxe5 dxe5 9. Nbd2 f6 10. Nc4 Be6 11. Qe2 Ne7 12. Nh4 g5 13. Nf5 Nxf5 14. exf5 Bd5 15. Nd2 Be7 16. c4 Bf7 17. Ne4 Qd7 18. b3 Qxf5 19. f4 gxf4 20. Bxf4 Bg6 21. Ng3 Qd3 22. Be3 Qxe2 23. Nxe2 O-O-O 24. Rad1 f5 25. g3 Bh5 26. Rxd8+ Rxd8 27. Nc1 f4 28. gxf4 Rg8+ 29. Kh1 e4 30. h4 Bxh4 31. Kh2 Be7 32. Rg1 Bg4 33. Ne2 Rg6 34. Nc3 Rh6+ 35. Kg3 Bf3 36. f5 Rh5 37. Kf2 Rxf5 38. Rg7 Bf6 39. Rg8+ Kc7 40. Na4 Bd4 41. Rg3 Bg4+ 42. Ke1 h5 43. b4 Be5 44. Rg2 cxb4 45. Bc5 Bc3+ 46. Nxc3 Rxc5 47. Nd1 Rxc4 48. Ne3 Rc1+ 49. Kf2 Rc3 50. Nf1 Rf3+ 0-1

[Event "53rd Women Tournament 2022"]
[Site "Belgrade"]
[Date "2022.04.03"]
[Round "7.1"]
[White "Manakova, Maria"]
[Black "Chelushkina, Irina"]
[Result "1-0"]
[ECO "B15"]
[WhiteElo "2257"]
[BlackElo "2183"]
[Annotator "NA RC"]
[PlyCount "95"]
[EventDate "2022.03.28"]
[EventType "tourn"]
[EventCountry "SRB"]
[SourceTitle "playchess.com"]
[Source "ChessBase"]
[SourceQuality "1"]
[TimeControl "40/5400+30:1800+30"]

1. e4 g6 2. d4 Bg7 3. Nc3 c6 4. f4 d5 5. e5 a5 6. Nf3 Na6 7. a3 Nc7 8. Bd3 h5 9. O-O Nh6 10. Nh4 Bg4 11. Qe1 e6 12. Be3 Bf5 13. Nxf5 exf5 14. h3 Ne6 15. Ne2 Bf8 16. c4 Be7 17. cxd5 Qxd5 18. Rd1 O-O 19. Nc3 Qb3 20. Kh2 Rfd8 21. Be2 Nc7 22. Bf3 Kg7 23. Rd2 Ng8 24. Qd1 Qb6 25. Bf2 Nd5 26. Nxd5 cxd5 27. Rc2 a4 28. Qe2 Ra5 29. Rd1 Rb5 30. Rd3 h4 31. Re3 g5 32. fxg5 Bxg5 33. Rec3 Ne7 34. Rc5 Rb3 35. Be1 Qg6 36. R2c3 Rxc3 37. bxc3 Bf4+ 38. Kh1 Qg5 39. Rc7 Bc1 40. Qf2 Bxa3 41. Qxh4 f6 42. Rxb7 Rh8 43. exf6+ Qxf6 44. Qxf6+ Kxf6 45. Ra7 Bd6 46. Rxa4 Rb8 47. Ra6 Ke6 48. Rxd6+ 1-0

[Event "53rd Women Tournament 2022"]
[Site "Belgrade"]
[Date "2022.04.03"]
[Round "7.3"]
[White "Benderac, Ana"]
[Black "Grozdanovic, Anastasia"]
[Result "1-0"]
[ECO "D30"]
[WhiteElo "2180"]
[BlackElo "2005"]
[Annotator "NA RC"]
[PlyCount "53"]
[EventDate "2022.03.28"]
[EventType "tourn"]
[EventCountry "SRB"]
[SourceTitle "playchess.com"]
[Source "ChessBase"]
[SourceQuality "1"]
[TimeControl "40/5400+30:1800+30"]

1. d4 d5 2. Nf3 Nf6 3. e3 e6 4. c4 c6 5. Nbd2 Be7 6. Bd3 Nbd7 7. b3 b6 8. O-O Bb7 9. Bb2 O-O 10. Qe2 Rc8 11. Rac1 Re8 12. Rfd1 Bd6 13. Ne5 Qe7 14. Ndf3 c5 15. Ng5 Rf8 16. Nxd7 Qxd7 17. dxc5 h6 18. cxd6 hxg5 19. Bxf6 gxf6 20. Qh5 f5 21. Qxg5+ Kh8 22. Bxf5 f6 23. Qh6+ Kg8 24. Qg6+ Kh8 25. Rd4 Qg7 26. Rh4+ Kg8 27. Bxe6+ 1-0

[Event "53rd Women Tournament 2022"]
[Site "Belgrade"]
[Date "2022.04.03"]
[Round "7.4"]
[White "Srdanovic, Jovana"]
[Black "Toncheva, Nadya"]
[Result "0-1"]
[ECO "D27"]
[WhiteElo "2194"]
[BlackElo "2207"]
[Annotator "NA RC"]
[PlyCount "114"]
[EventDate "2022.03.28"]
[EventType "tourn"]
[EventCountry "SRB"]
[SourceTitle "playchess.com"]
[Source "ChessBase"]
[SourceQuality "1"]
[TimeControl "40/5400+30:1800+30"]

1. d4 d5 2. c4 dxc4 3. e3 Nf6 4. Bxc4 e6 5. Nf3 c5 6. O-O Nc6 7. Nc3 a6 8. dxc5 Qxd1 9. Rxd1 Bxc5 10. Be2 O-O 11. Ng5 Rd8 12. Rxd8+ Nxd8 13. a3 Be7 14. e4 b5 15. Be3 Bb7 16. f3 Nc6 17. Rd1 Rc8 18. Nh3 Kf8 19. Nf2 Ke8 20. Kf1 Na5 21. Nb1 Nc4 22. Bc1 Nd7 23. Nd3 Bf6 24. Re1 Bd4 25. Bd1 Nde5 26. Nxe5 Bxe5 27. b3 Nd6 28. Be3 Bxh2 29. Kf2 Be5 30. Rh1 h6 31. Ke2 Ke7 32. Kd2 Bb2 33. Bc2 a5 34. Bd3 a4 35. b4 Nc4+ 36. Bxc4 Rxc4 37. Bc5+ Kf6 38. g3 e5 39. Kd3 Bc8 40. Rh2 Bd4 41. Bxd4 Rxd4+ 42. Ke3 Rc4 43. Kd2 Be6 44. Nc3 Rd4+ 45. Kc2 Bb3+ 46. Kb2 Bc4 47. Kc2 Ke6 48. g4 Rd3 49. Rf2 Kf6 50. f4 exf4 51. Rxf4+ Kg5 52. Rf5+ Kxg4 53. Nxb5 Bxb5 54. Rxb5 Rxa3 55. Rb7 Rf3 56. b5 g5 57. b6 Rb3 0-1

[Event "53rd Women Tournament 2022"]
[Site "Belgrade"]
[Date "2022.04.03"]
[Round "7.5"]
[White "Xu, Yuanyuan"]
[Black "Kovacevic, Radmila"]
[Result "1-0"]
[ECO "A53"]
[WhiteElo "2317"]
[BlackElo "2072"]
[Annotator "NA RC"]
[PlyCount "95"]
[EventDate "2022.03.28"]
[EventType "tourn"]
[EventCountry "SRB"]
[SourceTitle "playchess.com"]
[Source "ChessBase"]
[SourceQuality "1"]
[TimeControl "40/5400+30:1800+30"]

1. c4 Nf6 2. Nc3 c6 3. e4 e5 4. Nf3 Qc7 5. d4 d6 6. h3 Be7 7. Be2 O-O 8. O-O a6 9. Be3 b5 10. a3 Nbd7 11. Rc1 Qd8 12. Qc2 Bb7 13. Rfd1 exd4 14. Nxd4 g6 15. cxb5 axb5 16. f4 Qb8 17. Bf3 Rc8 18. Qf2 Bd8 19. g4 Bb6 20. g5 Ne8 21. Bg4 Rc7 22. e5 Nf8 23. Bf3 Qa7 24. Rd3 dxe5 25. fxe5 Ng7 26. Ncxb5 cxb5 27. Rxc7 Bxc7 28. Nf5 Nxf5 29. Bxa7 Bxf3 30. Rxf3 Ne6 31. Rxf5 gxf5 32. Bd4 b4 33. axb4 Rb8 34. Bc5 f4 35. Qe2 Nxg5 36. Qg4 Kh8 37. Qxg5 Rg8 38. Qxg8+ Kxg8 39. Bd6 Bb6+ 40. Kg2 Bd4 41. b5 Bb6 42. Kf3 Kg7 43. Kxf4 Kg6 44. Ke4 f5+ 45. Kf4 Bd8 46. Bc5 Bg5+ 47. Kf3 Kf7 48. b6 1-0

[Event "53rd Women Tournament 2022"]
[Site "Belgrade"]
[Date "2022.04.04"]
[Round "8.1"]
[White "Chelushkina, Irina"]
[Black "Kovacevic, Radmila"]
[Result "1-0"]
[ECO "A43"]
[WhiteElo "2183"]
[BlackElo "2072"]
[Annotator "NA RC"]
[PlyCount "129"]
[EventDate "2022.03.28"]
[EventType "tourn"]
[EventCountry "SRB"]
[SourceTitle "playchess.com"]
[Source "ChessBase"]
[SourceQuality "1"]
[TimeControl "40/5400+30:1800+30"]

1. g3 g6 2. Bg2 Bg7 3. d4 c5 4. d5 d6 5. e4 e5 6. dxe6 Bxe6 7. Ne2 Nc6 8. O-O Qc7 9. Nbc3 O-O-O 10. Nf4 Nf6 11. a4 Kb8 12. Nfd5 Bxd5 13. exd5 Nd4 14. Nb5 Nxb5 15. axb5 h5 16. h3 Bh6 17. Bxh6 Rxh6 18. Qf3 Ng8 19. Ra4 Ne7 20. Qxf7 Qd7 21. Re1 Nc8 22. Qxd7 Rxd7 23. Re8 Re7 24. Rg8 Re1+ 25. Kh2 Kc7 26. Rf4 Ne7 27. Rg7 Rh8 28. Re4 Rxe4 29. Bxe4 Kd8 30. Bxg6 Rf8 31. Kg2 h4 32. Be4 hxg3 33. fxg3 Rf6 34. h4 a6 35. bxa6 bxa6 36. c4 a5 37. Bc2 Ke8 38. Rh7 Kf8 39. Rh8+ Kg7 40. Ra8 Ng8 41. Ra7+ Kf8 42. Rxa5 Nh6 43. Ra3 Ng4 44. Bd1 Ne5 45. Be2 Kg7 46. Ra7+ Kh6 47. Re7 Kg6 48. b3 Rf7 49. Rxf7 Kxf7 50. g4 Kf6 51. Kg3 Kf7 52. Kf4 Ng6+ 53. Kg5 Ne7 54. Bd3 Kg7 55. h5 Ng8 56. Bg6 Nh6 57. Kf4 Ng8 58. g5 Ne7 59. Be4 Kf7 60. h6 Kf8 61. g6 Kg8 62. Kg5 Kh8 63. Bf3 Nxd5 64. g7+ Kh7 65. Be4+ 1-0

[Event "53rd Women Tournament 2022"]
[Site "Belgrade"]
[Date "2022.04.04"]
[Round "8.2"]
[White "Toncheva, Nadya"]
[Black "Xu, Yuanyuan"]
[Result "0-1"]
[ECO "E48"]
[WhiteElo "2207"]
[BlackElo "2317"]
[Annotator "NA RC"]
[PlyCount "42"]
[EventDate "2022.03.28"]
[EventType "tourn"]
[EventCountry "SRB"]
[SourceTitle "playchess.com"]
[Source "ChessBase"]
[SourceQuality "1"]
[TimeControl "40/5400+30:1800+30"]

1. d4 Nf6 2. c4 e6 3. Nc3 Bb4 4. e3 O-O 5. Bd3 d5 6. cxd5 exd5 7. Nge2 Re8 8. O-O Bd6 9. Bd2 b6 10. Qc2 c5 11. dxc5 bxc5 12. Ng3 Nc6 13. Bb5 Bd7 14. Rfd1 Ng4 15. Nce2 Qh4 16. h3 Nxf2 17. Bxc6 Nxh3+ 18. gxh3 Bxc6 19. Nf5 Bh2+ 20. Kf1 Qxh3+ 21. Ke1 Bd7 0-1

[Event "53rd Women Tournament 2022"]
[Site "Belgrade"]
[Date "2022.04.04"]
[Round "8.3"]
[White "Grozdanovic, Anastasia"]
[Black "Srdanovic, Jovana"]
[Result "0-1"]
[ECO "D17"]
[WhiteElo "2005"]
[BlackElo "2194"]
[Annotator "NA RC"]
[PlyCount "90"]
[EventDate "2022.03.28"]
[EventType "tourn"]
[EventCountry "SRB"]
[SourceTitle "playchess.com"]
[Source "ChessBase"]
[SourceQuality "1"]
[TimeControl "40/5400+30:1800+30"]

1. d4 d5 2. c4 c6 3. Nf3 Nf6 4. Nc3 dxc4 5. a4 Bf5 6. Ne5 e6 7. e3 Nbd7 8. Nxd7 Qxd7 9. Bxc4 a5 10. O-O Bg6 11. Qe2 Bb4 12. Rd1 O-O 13. Bd2 Qe7 14. Be1 Rfd8 15. Bd3 e5 16. Bxg6 hxg6 17. dxe5 Qxe5 18. Na2 Bxe1 19. Rxe1 Ne4 20. Rad1 Rd5 21. f3 Rxd1 22. Rxd1 Nc5 23. Nc3 Re8 24. Re1 Rd8 25. Qc2 g5 26. Qe2 Rd6 27. g3 Qe6 28. f4 Qe7 29. f5 Ne4 30. Qc2 Nxc3 31. bxc3 Qd7 32. Re2 Rd1+ 33. Kg2 Rd3 34. e4 c5 35. c4 Qd4 36. e5 Rc3 37. Qb1 Qxc4 38. Rd2 Rc1 39. Qd3 Qxa4 40. Qd8+ Kh7 41. Qxg5 Rc2 42. Rxc2 Qxc2+ 43. Kh3 Qd1 44. e6 b5 45. Qh4+ Kg8 0-1

[Event "53rd Women Tournament 2022"]
[Site "Belgrade"]
[Date "2022.04.04"]
[Round "8.4"]
[White "Lu, Miaoyi"]
[Black "Benderac, Ana"]
[Result "0-1"]
[ECO "A44"]
[WhiteElo "2182"]
[BlackElo "2180"]
[Annotator "NA RC"]
[PlyCount "102"]
[EventDate "2022.03.28"]
[EventType "tourn"]
[EventCountry "SRB"]
[SourceTitle "playchess.com"]
[Source "ChessBase"]
[SourceQuality "1"]
[TimeControl "40/5400+30:1800+30"]

1. d4 c5 2. d5 e5 3. e4 d6 4. Bd3 Be7 5. Nf3 Bg4 6. h3 Bh5 7. Nbd2 Nd7 8. g4 Bg6 9. h4 h6 10. Qe2 Ngf6 11. h5 Bh7 12. Rg1 Qa5 13. c3 a6 14. a4 b5 15. Nb3 Qd8 16. axb5 axb5 17. Rxa8 Qxa8 18. Bxb5 Bxe4 19. c4 Qa2 20. Nfd2 Bc2 21. Rg3 O-O 22. Nd4 cxd4 23. Ra3 d3 24. Qe3 Ra8 25. Rxa2 Rxa2 26. Nb3 Bxb3 27. Qxd3 Nc5 28. Qb1 e4 29. f3 exf3 30. g5 Nfe4 31. gxh6 Bh4+ 32. Kf1 Bd1 33. h7+ Kxh7 34. Be3 Be2+ 35. Kg1 f2+ 36. Bxf2 Bxf2+ 37. Kg2 Ra7 38. b4 Nd3 39. c5 Nf4+ 40. Kh2 Bg3+ 41. Kg1 f5 42. Bxe2 Nxe2+ 43. Kh1 dxc5 44. bxc5 Be5 45. Kg2 Nf4+ 46. Kh2 Nxh5+ 47. Kg2 Nf4+ 48. Kh2 Nxd5+ 49. Kg2 Nf4+ 50. Kh2 Ra6 51. c6 Rxc6 0-1

[Event "53rd Women Tournament 2022"]
[Site "Belgrade"]
[Date "2022.04.04"]
[Round "8.5"]
[White "Manakova, Maria"]
[Black "Navrotescu, Andreea"]
[Result "1-0"]
[ECO "C11"]
[WhiteElo "2257"]
[BlackElo "2229"]
[Annotator "NA RC"]
[PlyCount "71"]
[EventDate "2022.03.28"]
[EventType "tourn"]
[EventCountry "SRB"]
[SourceTitle "playchess.com"]
[Source "ChessBase"]
[SourceQuality "1"]
[TimeControl "40/5400+30:1800+30"]

1. e4 e6 2. d4 d5 3. Nc3 Nf6 4. e5 Nfd7 5. f4 c5 6. Nf3 Nc6 7. Be3 Be7 8. Qd2 O-O 9. O-O-O c4 10. f5 b5 11. f6 gxf6 12. exf6 Nxf6 13. Bh6 Kh8 14. Bxf8 Qxf8 15. Ne5 Bd7 16. Nxd7 Nxd7 17. Kb1 b4 18. Ne2 c3 19. Qf4 Nb6 20. Ng3 cxb2 21. Ba6 Na4 22. Ne2 Rb8 23. Rhf1 f6 24. Rf3 Na5 25. Rh3 Nc4 26. Bxc4 dxc4 27. Qe4 Qf7 28. d5 exd5 29. Rxd5 Rd8 30. Rxd8+ Bxd8 31. Re3 Kg7 32. Qc6 Nb6 33. Nd4 c3 34. Nf5+ Kg6 35. Qe4 Qc4 36. Rg3+ 1-0

[Event "53rd Women Tournament 2022"]
[Site "Belgrade"]
[Date "2022.04.05"]
[Round "9.1"]
[White "Navrotescu, Andreea"]
[Black "Chelushkina, Irina"]
[Result "1/2-1/2"]
[ECO "A41"]
[WhiteElo "2229"]
[BlackElo "2183"]
[Annotator "TA"]
[PlyCount "97"]
[EventDate "2022.03.28"]
[EventType "tourn"]
[EventCountry "SRB"]
[SourceTitle "playchess.com"]
[Source "ChessBase"]
[SourceQuality "1"]
[TimeControl "40/5400+30:1800+30"]

1. c4 g6 2. Nc3 Bg7 3. d4 d6 4. Nf3 Nd7 5. g3 e6 6. Bg2 Ne7 7. e4 O-O 8. O-O a6 9. a4 a5 10. Bg5 h6 11. Be3 Kh7 12. Qc2 Nc6 13. Rad1 Nb4 14. Qb1 Nb6 15. b3 Bd7 16. h4 d5 17. c5 dxe4 18. cxb6 exf3 19. Bxf3 Bc6 20. Bxc6 bxc6 21. bxc7 Qxc7 22. Bf4 Qe7 23. h5 Qf6 24. Bd6 Rfd8 25. hxg6+ (25. Bxb4 {feels hotter.} axb4 26. Ne2 Rd6 27. Kg2) 25... Qxg6 26. Qxg6+ Kxg6 27. Bxb4 axb4 28. Ne2 Rd6 29. Rc1 Bxd4 30. Nxd4 Rxd4 31. Rxc6 Ra5 32. Rb6 Rf5 33. Rc1 h5 34. Rc2 Rf3 35. Rb2 Rc3 36. Kg2 h4 37. gxh4 Rxh4 38. a5 Rg4+ 39. Kf1 Rc1+ 40. Ke2 Ra1 41. a6 Re4+ 42. Kf3 Rh4 43. Ke3 Kf5 44. Rb7 f6 45. a7 e5 46. Rd2 Re4+ 47. Kf3 Rf4+ 48. Ke2 Re4+ 49. Kf3 1/2-1/2

[Event "53rd Women Tournament 2022"]
[Site "Belgrade"]
[Date "2022.04.05"]
[Round "9.3"]
[White "Srdanovic, Jovana"]
[Black "Lu, Miaoyi"]
[Result "0-1"]
[ECO "D02"]
[WhiteElo "2194"]
[BlackElo "2182"]
[Annotator "TA"]
[PlyCount "64"]
[EventDate "2022.03.28"]
[EventType "tourn"]
[EventCountry "SRB"]
[SourceTitle "playchess.com"]
[Source "ChessBase"]
[SourceQuality "1"]
[TimeControl "40/5400+30:1800+30"]

1. d4 d5 2. Bf4 Nf6 3. e3 e6 4. Nd2 Bd6 5. Bg3 O-O 6. Ngf3 b6 7. Ne5 Ba6 8. Bxa6 Nxa6 9. Bh4 Qe8 10. O-O Nd7 11. Nxd7 Qxd7 12. Qe2 Nb8 13. e4 c5 14. dxc5 bxc5 15. Qg4 f5 16. exf5 Rxf5 17. Bg3 Nc6 18. c3 Raf8 19. Bxd6 Qxd6 20. Rad1 Ne5 21. Qg3 Qb6 22. Nb3 Nc4 (22... R8f6 $17 {Strongly threatening ...Rg6.} 23. Qh4 Qd6) 23. Nd2 $1 $11 Ne5 (23... Nxb2 $11 24. Rb1 R5f6) 24. Nb3 $1 $17 a5 25. Qe3 (25. Nd2 $17 {was worth a try.}) 25... Ng4 $19 26. Qxc5 Qb8 27. g3 {[%emt 0:00:03] [#]} Nxf2 $1 28. Rb1 $2 (28. Nd4 {was the only chance.} R5f6 {[#]} 29. Rxf2 $1 Rxf2 30. Nxe6) 28... Qe5 29. Rbe1 Qf6 30. Qe3 (30. Qd4 $142 Nh3+ 31. Kg2 Rxf1 32. Qxf6 R1xf6 33. Kxh3) 30... Nh3+ $19 31. Kg2 Rxf1 32. Kxh3 Qf5+ 0-1

[Event "53rd Women Tournament 2022"]
[Site "Belgrade"]
[Date "2022.04.05"]
[Round "9.4"]
[White "Xu, Yuanyuan"]
[Black "Grozdanovic, Anastasia"]
[Result "1-0"]
[ECO "D32"]
[WhiteElo "2317"]
[BlackElo "2005"]
[Annotator "RC"]
[PlyCount "65"]
[EventDate "2022.03.28"]
[EventType "tourn"]
[EventCountry "SRB"]
[SourceTitle "playchess.com"]
[Source "ChessBase"]
[SourceQuality "1"]
[TimeControl "40/5400+30:1800+30"]

1. d4 d5 2. c4 e6 3. Nc3 c5 4. cxd5 exd5 5. Nf3 Nc6 6. Bg5 Be7 7. Bxe7 Ngxe7 8. dxc5 O-O 9. e3 Bg4 10. Be2 Qa5 11. Qa4 Qxa4 12. Nxa4 Rfd8 13. O-O Bxf3 14. Bxf3 d4 15. exd4 Rxd4 16. b3 Kf8 17. Rfd1 Rb4 18. g3 Rc8 19. Bg2 Nd8 20. Rd7 Rb8 21. Rad1 Ne6 22. Nc3 Ke8 23. Rxe7+ Kxe7 24. Nd5+ Ke8 25. Nxb4 Nxc5 26. Nd3 Ne6 27. Ne5 f6 28. Nc4 Ke7 29. Re1 b5 30. Bd5 bxc4 31. Rxe6+ Kd7 32. Bxc4 Rb4 33. Ra6 1-0